 Dungeon Crawl Stone Soup version 0.28.0-53-g5a82cb258f (webtiles) character file.

Game seed: 18009027754891010799

35 ZappyNine the Grasshopper (level 3, 0/29 HPs)
             Began as a Palentonga Warper on May 21, 2022.
             Slain by a rat (2 damage)
             ... on level 2 of the Dungeon.
             The game lasted 00:01:57 (1324 turns).

ZappyNine the Grasshopper (Palentonga Warper)       Turns: 1324, Time: 00:01:57

Health: 0/29       AC:  4    Str: 16    XL:     3   Next: 16%
Magic:  6/6        EV:  9    Int: 13    God:
Gold:   68         SH:  0    Dex:  9    Spells: 4/6 levels left

rFire   . . .      SeeInvis +   a - +0 mace
rCold   . . .      Faith    .   (no shield)
rNeg    . . .      Spirit   .   b - +0 leather armour
rPois   .          Reflect  .   (no helmet)
rElec   .          Harm     .   (no cloak)
rCorr   .          Rampage  .   (no gloves)
Will    .....                   (no barding)
Stlth   +.........              (no amulet)
HPRegen 0.09/turn               (no ring)
MPRegen 0.10/turn               (no ring)

@: no status effects
A: large, rugged brown scales 3, see invisible, deformed body, roll 1, armoured
tail
a: Rolling Charge


You were on level 2 of the Dungeon.
You visited 1 branch of the dungeon, and saw 2 of its levels.

You collected 68 gold pieces.

Inventory:

Hand Weapons
 a - a +0 mace (weapon)
Missiles
 d - 5 boomerangs of dispersal (quivered)
Armour
 b - a +0 leather armour (worn)
Scrolls
 c - 2 scrolls of blinking
 e - a scroll of enchant armour {unknown}
Potions
 f - a potion of magic {unknown}


   Skills:
 + Level 2.6 Fighting
 + Level 2.6 Maces & Flails
 - Level 0.6 Throwing
 - Level 0.7 Armour
 - Level 1.5 Dodging
 - Level 2.0 Spellcasting
 + Level 3.4 Translocations


You had 4 spell levels left.
You knew the following spells:

 Your Spells              Type           Power      Damage    Failure   Level
a - Blink                 Tloc           20%        N/A       12%         2

Your spell library contained the following spells:

 Spells                   Type           Power      Damage    Failure   Level
 Gell's Gravitas          Tloc           10%        N/A       22%         3
 Lesser Beckoning         Tloc           10%        N/A       22%         3
 Teleport Other           Tloc           10%        N/A       22%         3
 Manifold Assault         Tloc           10%        N/A       91%         5


Dungeon Overview and Level Annotations

Branches:
Dungeon (2/15)

Altars:


Innate Abilities, Weirdness & Mutations

You are completely covered in rugged brown scales. (AC +3, +7% HP)
You have supernaturally acute eyesight. (SInv)
Armour fits poorly on your strangely shaped body.
You can roll at nearby foes to attack.
You have a long armoured tail.


Message History

You hit the worm.
The worm is lightly wounded.
You sock the worm!
The worm is severely wounded.
A rat comes into view.
The worm barely misses you.
You hit the worm.
Your tail-slap misses the worm.
The worm is almost dead.
The worm bites you but does no damage.
You barely miss the worm.
The worm is almost dead.
The worm barely misses you.
You hit the worm.
The worm is almost dead.
The worm barely misses you.
You hit the worm.
Your tail-slap misses the worm.
The worm is almost dead.
You hit the worm.
You kill the worm!
You closely miss the rat. The rat closely misses you.
You hit the rat.
You kill the rat!
A worm comes into view.
You hit the worm.
The worm is lightly wounded.
A rat comes into view.
You hit the worm.
The worm is moderately wounded.
The rat bites you. The worm bites you! The rat closely misses you.
You hit the worm.
The worm is moderately wounded.
The worm bites you. The rat bites you.
You hit the rat but do no damage.
Your tail-slap misses the rat.
The rat closely misses you. The worm bites you.
You completely miss the rat. The rat bites you but does no damage.
You barely miss the rat.
Your tail-slap misses the rat.
The rat closely misses you. The worm bites you!
* * * LOW HITPOINT WARNING * * *
The rat bites you.
You die...

......#.#.##.##########...#######
......#.#.##.## ##..# #
......#.#.##..# ##..# #
###.......###.# ##..## #
#####.### #.## ##..## # #.#
#..###..## # #.# ##.##.)## #.#
#.#.w.# #.# #..@#...# #.#
#.r###..# #...........##..#
######...## #..# ##..# #..# ##.#
#.( .# #. .# ..


You could see a worm and a rat.

Vanquished Creatures
  A worm (D:2)
  4 endoplasms (D:1)
  3 giant cockroaches
  3 goblins
  2 hobgoblins (D:1)
  A quokka (D:1)
  4 bats (D:1)
  A frilled lizard (D:1)
  7 kobolds (D:1)
  3 rats
29 creatures vanquished.

Notes
Turn   | Place    | Note
-------+----------+-------------------------------------------
     0 | D:1      | ZappyNine the Palentonga Warper began the quest for the
                  | Orb.
     0 | D:1      | Reached XP level 1. HP: 17/17 MP: 3/3
   371 | D:1      | Found a faded altar of an unknown god.
   407 | D:1      | Reached XP level 2. HP: 23/23 MP: 5/5
  1083 | D:1      | Learned a level 2 spell: Blink
  1297 | D:2      | Reached XP level 3. HP: 29/29 MP: 6/6
  1324 | D:2      | Slain by a rat

Illustrated notes

Levels and vault maps discovered:
D:1:      dpeg_arrival_central, layout_rooms,
          hellmonk_ecumenical_altar_leap_of_faith, kennysheep_small_spiral
D:2:      minmay_alternating_diamond, layout_basic, basic_altar,
          minmay_misc_feat_chi

Action                   || total
-------------------------++-------
Melee: Mace              ||    97
       Tailslap          ||     6
 Abil: Rolling Charge    ||     6
Armor: Leather armour    ||    62
Dodge: Dodged            ||    53
